Map: [ESL] Royal Blood

Players

Harstem

  • Race: Protoss Protoss
  • League: Master

Cham - Winner!

  • Race: Zerg Zerg

Event: IEM Katowice 2023

VOD

Have the link to the VOD?

Description

Time

  • Played on: Feb. 8, 2023, 9:19 a.m.
  • Length: 9:24

All games in this series

Show
View Real Time Build Order
Export as new Build Order

Harstem Protoss 

Build Orders: 1 Gate Expand, Mass Adepts 

Get SALT Encoding   

  12  0:00  Probe  
  13  0:12  Probe  
  14  0:17  Pylon  
  14  0:24  Probe (Chrono Boost)  
  15  0:36  Probe (Chrono Boost)  
  15  0:39  Gateway  
  16  0:45  Probe (Chrono Boost)  
  16  0:47  Assimilator  
  17  0:51  Probe  
  18  1:03  Probe  
  19  1:15  Probe  
  20  1:25  Nexus  
  20  1:35  Cybernetics Core  
  20  1:37  Probe  
  21  1:46  Assimilator  
  21  1:49  Probe  
  21  1:53  Pylon  
  22  2:01  Probe  
  23  2:08  Adept (Chrono Boost)  
  23  2:12  Warp Gate  
  23  2:14  Probe  
  26  2:26  Probe  
  26  2:27  Twilight Council  
  26  2:29  Adept (Chrono Boost)  
  29  2:37  Probe  
  29  2:38  Probe  
  31  2:49  Probe  
  31  2:50  Probe  
  33  2:52  Stalker  
  35  3:01  Probe, Resonating Glaives (Chrono Boost)  
  35  3:03  Gateway  
  35  3:04  Gateway  
  35  3:05  Probe  
  37  3:13  Probe  
  38  3:20  Probe  
  38  3:24  Gateway  
  38  3:26  Probe  
  40  3:32  Probe, Robotics Facility  
  41  3:34  Pylon  
  41  3:38  Probe  
  42  3:41  Pylon  
  42  3:44  Probe  
  43  3:50  Probe  
  44  3:57  Probe  
  44  4:00  Pylon, Adept x3  
  44  4:02  Assimilator  
  52  4:16  Warp Prism (Chrono Boost)  
  51  4:20  Adept x3  
  51  4:22  Adept  
  61  4:27  Pylon  
  61  4:28  Probe  
  62  4:41  Adept  
  62  4:42  Adept x3  
  70  4:45  Pylon  
  70  4:52  Robotics Bay  
  71  5:06  Adept x4  
  78  5:09  Probe  
  78  5:12  Probe  
  80  5:15  Shield Battery  
  80  5:23  Probe  
  80  5:26  Assimilator  
  81  5:29  Pylon  
  81  5:30  Adept x2  
  81  5:34  Probe  
  86  5:38  Pylon  
  86  5:42  Disruptor (Chrono Boost)  
  86  5:43  Probe  
  84  5:53  Adept x4  
  84  5:54  Probe  
  89  6:00  Probe  
  90  6:06  Probe  
  90  6:08  Disruptor (Chrono Boost)  
  90  6:09  Pylon  
  94  6:14  Adept  
  94  6:15  Probe  
  97  6:25  Probe  
  92  6:35  Adept x4  
  92  6:36  Probe  
  99  6:43  Disruptor  
  102  6:47  Probe  
  102  6:48  Nexus  
  102  6:55  Probe  
  102  7:00  Probe  
  100  7:01  Forge  
  100  7:03  Pylon  
  100  7:05  Stalker  
  100  7:07  Probe  
  103  7:12  Probe  
  103  7:13  Pylon  
  104  7:17  Pylon  
  104  7:19  Blink (Chrono Boost)  
  104  7:20  Stalker x2  
  109  7:23  Observer (Chrono Boost)  
  109  7:24  Stalker  
  109  7:26  Probe  
  112  7:38  Probe  
  112  7:40  Stalker  
  112  7:50  Stalker x3  
  113  7:55  Nexus  
  113  7:57  Probe  
  114  8:02  Photon Cannon  
  114  8:04  Probe  
  115  8:08  Stalker  
  115  8:09  Probe  
  115  8:15  Gateway  
  115  8:16  Probe  
  115  8:17  Gateway  
  115  8:19  Shield Battery  
  116  8:23  Sentry, Stalker  
  120  8:28  Pylon  
  120  8:34  Gravitic Drive (Chrono Boost)  
  120  8:36  Probe  
  120  8:39  Pylon  
  120  8:48  Stalker x3  
  120  8:54  Probe  
  115  9:13  Stalker x5  
Show
View Real Time Build Order
Export as new Build Order

Cham Zerg - Winner!

Build Orders: Hatch First 

Get SALT Encoding   

  12  0:00  Drone  
  13  0:12  Overlord  
  13  0:16  Drone  
  14  0:30  Drone x2  
  16  0:46  Drone  
  17  0:53  Hatchery  
  17  0:54  Drone  
  17  0:59  Drone  
  18  1:11  Spawning Pool  
  17  1:13  Extractor  
  17  1:17  Drone  
  17  1:19  Drone  
  18  1:28  Drone  
  19  1:38  Drone  
  20  1:50  Overlord  
  20  1:57  Queen  
  22  2:05  Queen  
  22  2:06  Zergling x4  
  26  2:11  Drone  
  27  2:16  Drone  
  27  2:21  Drone  
  29  2:31  Hatchery  
  28  2:37  Drone x2  
  28  2:44  Queen  
  30  2:48  Overlord  
  32  2:52  Zergling x2  
  32  2:53  Zergling x2  
  34  3:01  Overlord  
  34  3:02  Drone  
  37  3:13  Lair  
  37  3:16  Drone  
  37  3:17  Drone  
  36  3:20  Drone x5  
  39  3:28  Roach Warren  
  39  3:29  Extractor  
  39  3:30  Drone  
  39  3:33  Drone  
  39  3:34  Drone  
  39  3:41  Drone x2  
  42  3:43  Drone  
  42  3:46  Drone  
  42  3:47  Drone  
  45  3:48  Drone  
  45  3:50  Drone  
  47  3:55  Drone  
  47  3:57  Drone  
  47  4:00  Overlord  
  49  4:08  Roach x4  
  57  4:11  Glial Reconstitution  
  57  4:15  Overlord  
  57  4:22  Roach x3  
  63  4:24  Roach  
  63  4:28  Overlord  
  65  4:32  Overseer  
  65  4:35  Drone x4  
  65  4:36  Drone  
  65  4:38  Roach  
  72  4:40  Drone  
  72  4:43  Overlord  
  73  4:47  Roach  
  73  4:48  Roach  
  73  4:50  Roach  
  79  4:53  Overlord  
  79  4:56  Extractor, Drone  
  79  4:57  Drone  
  79  4:59  Overlord  
  80  5:03  Roach  
  80  5:06  Roach  
  84  5:07  Roach  
  84  5:09  Roach  
  84  5:10  Overlord  
  84  5:14  Roach  
  90  5:15  Drone x2  
  90  5:16  Drone  
  90  5:19  Overlord  
  90  5:20  Roach  
  95  5:23  Roach  
  97  5:30  Roach  
  97  5:31  Overlord  
  97  5:34  Roach x2  
  101  5:39  Roach  
  101  5:40  Overlord  
  101  5:41  Roach  
  105  5:49  Roach x2  
  109  5:54  Overlord  
  109  5:55  Drone x4  
  109  5:57  Overseer  
  112  5:59  Overlord  
  112  6:00  Drone x3  
  112  6:04  Drone  
  116  6:05  Drone x2  
  116  6:10  Drone  
  119  6:13  Overlord  
  119  6:14  Drone  
  120  6:19  Extractor  
  120  6:21  Baneling Nest  
  120  6:22  Overlord  
  120  6:23  Drone  
  119  6:27  Drone  
  119  6:28  Drone x2  
  119  6:29  Hatchery  
  109  6:34  Drone x4  
  109  6:35  Drone x2  
  109  6:39  Metabolic Boost  
  115  6:40  Overlord, Extractor x2  
  115  6:44  Roach x2  
  117  6:50  Roach x3  
  117  6:52  Roach x2  
  126  6:54  Roach  
  126  7:01  Overlord  
  123  7:02  Drone x3  
  123  7:05  Roach x2  
  123  7:06  Centrifugal Hooks  
  130  7:10  Roach x2  
  130  7:11  Roach x2  
  138  7:16  Roach x3  
  138  7:18  Roach  
  138  7:20  Roach  
  150  7:22  Roach  
  150  7:23  Roach  
  146  7:38  Roach x5  
  146  7:42  Overlord, Roach x3  
  157  7:45  Queen  
  157  7:48  Roach  
  157  7:50  Zergling x10  
  149  7:54  Zergling x4  
  149  8:03  Zergling x12  
  155  8:17  Drone x4  
  155  8:18  Overlord, Drone x4  
  155  8:19  Drone  
  164  8:23  Overlord  
  164  8:24  Zergling x4  
  164  8:25  Zergling x2, Evolution Chamber  
  164  8:26  Baneling, Evolution Chamber  
  165  8:27  Baneling x14  
  165  8:36  Drone x2  
  165  8:37  Drone  
  165  8:39  Drone  
  169  8:42  Hatchery  
  169  8:43  Zergling x2  
  169  8:49  Baneling x8  
  169  8:50  Baneling x3  
  169  8:51  Ravager  
  170  8:56  Zergling x2  
  170  8:57  Zergling x12  
  177  9:04  Zergling x4  
  177  9:05  Zergling x12  

Tags
 
Add a new tag
Caveats
  • Supply blocks, unpowered buildings, or Contaminate may cause inaccurate times.
  • Supply counts are checked every 10 seconds.